 Dungeon Sprint DCSS version 0.30-a0-223-gcb0039aa0c (webtiles) character file.

Game seed: 11584574135081826359

559 rocky1 the Thaumaturge (level 7, -9/54 HPs)
             Began as a Djinni Fire Elementalist on Oct 10, 2022.
             Mangled by a red devil
             ... wielding a +2 vampiric demon trident
             ... summoned by a kobold demonologist
              (12 damage)
             ... in the Dungeon (Sprint III: "The Ten Rune Challenge").
             The game lasted 00:01:56 (783 turns).

rocky1 the Thaumaturge (Djinni Fire Elementalist)    Turns: 783, Time: 00:01:57

Health: -9/54      AC:  2    Str:  7    XL:     7   Next: 57%
Gold:   29         EV: 14    Int: 18    God:
                   SH:  0    Dex: 14

rFire   + + .      SeeInvis .    m - +1 long sword (holy)
rCold   x . .      Faith    .    (no shield)
rNeg    . . .      Spirit   .    a - +0 robe
rPois   ∞          Reflect  .    (no helmet)
rElec   .          Harm     .    (no cloak)
rCorr   .          Rampage  .    (no gloves)
Will    .....      NoTele   +    (boots unavailable)
Stlth   +++.......               (no amulet)
HPRegen 0.29/turn                (no ring)
MPRegen 0.00/turn                (no ring)

@: spiked, flying
A: sickness immunity, fire resistance 2, cold vulnerability 1, float, innate
caster, HP casting, extra vitality 1
a: no special abilities


You were in the Dungeon.
You visited 1 branch You collected 29 gold pieces.

Inventory:

Hand Weapons
 m - a +1 long sword of holy wrath (weapon)
Armour
 a - a +0 robe (worn)
Scrolls
 h - a scroll of poison {unknown}
 j - 2 scrolls of immolation {unknown}
 k - 2 scrolls of identify {unknown}
Potions
 b - a potion of curing
 c - 2 potions of heal wounds
 d - a potion of haste
 e - a potion of berserk rage
 g - a potion of cancellation {unknown}
 i - 3 potions of mutation {unknown}
 l - a potion of lignification {unknown}


   Skills:
 * Level 5.1 Fighting
 * Level 0.3 Long Blades
 + Level 5.6 Dodging
 + Level 4.2 Stealth
 - Level 0.4 Unarmed Combat
 + Level 10.1 Spellcasting


You had 7 spell levels left.
You knew the following spells:

 Your Spells              Type           Power      Damage    Failure   Level
a - Foxfire               Conj/Fire      100%       2x1d9     1%          1
b - Scorch                Fire           90%        2d10      1%          2
c - Kindle Blastsparks    Fire/Tloc/Air  90%        2d17      1%          3
d - Inner Flame           Hex/Fire       45%        N/A       1%          3
e - Flame Wave            Conj/Fire      45%        2d12      1%          4
f - Slow                  Hex            100%       N/A       1%          1
g - Static Discharge      Conj/Air       90%        2-6/arc   1%          2
h - Vampiric Draining     Necr           45%        2d9       1%          3
Your spell library was empty.

Dungeon Overview and Level Annotations

Branches:
Dungeon (1/1)

Altars:
Elyvilon
Zin
The Shining One


Innate Abilities, Weirdness & Mutations

You are immune to sickness and miasma.
You are immune to poison.
Your flesh is very heat resistant. (rF++)
You are vulnerable to cold. (rC-)
You float through the air rather than walking.
You learn spells naturally, not from books.
Your magical power is your life essence.
You have superior vitality. (+4 MHP)


Message History

The kobold demonologist's fire resistance burns away.
Unknown command.
Casting: Scorch (safe; 1% risk of failure)
Confirm with . or Enter, or press ? or * to list all spells.
Flames lash the kobold demonologist but do no damage.
The kobold demonologist gestures wildly while chanting.
You hit the kobold demonologist.
The kobold demonologist is moderately wounded.
The kobold demonologist misses you.
The red devil hits you from afar with a +2 vampiric demon trident!
Barbed spikes become lodged in your body.
Unknown command.
Casting: Scorch (safe; 1% risk of failure)
Confirm with . or Enter, or press ? or * to list all spells.
You conjure some foxfire!
The kobold demonologist hits you with a +0 dagger.
The red devil barely misses you.
You hit the kobold demonologist but do no damage.
The kobold demonologist is moderately wounded.
The kobold demonologist is no longer more vulnerable to fire.
The foxfire hits the red devil.
The red devil completely resists.
The foxfire hits the red devil.
The red devil completely resists.
The kobold demonologist gestures wildly while chanting.
The red devil hits you from afar with a +2 vampiric demon trident!!
Ouch! That really hurt!
* * * LOW HITPOINT WARNING * * *
Barbed spikes become lodged in your body.
The kobold demonologist casts a spell.
Blink to where?
Press: ? - help, Dir - move target
As you read the scroll of blinking, it crumbles to dust.
Unknown command.
Casting: Foxfire (safe; 1% risk of failure)
Confirm with . or Enter, or press ? or * to list all spells.
Flames lash the neqoxec.
The neqoxec is lightly wounded.
The neqoxec's fire resistance burns away.
* * * LOW HITPOINT WARNING * * *
The red devil hits you from afar with a +2 vampiric demon trident!
You die...

▓▓▓▓▓▓▓▓▓▓▓ ▓▓▓ .#!.'...♣.♣
♣.##### .#!.#.....♣♣
♣♣.#___# '####....♣.♣
..#...# ....#....~.♣
♣♣.###'#+###+## ....#...~~♣♣
♣..#....†.....#
§..†#..~~~~♣♣♣♣.@.⌠........#
###'#..†≈≈~~~.♣.#...######+#
....#.~~≈~~~....#34.#
....#.~≈~~~.....#K..#
....#.~~~.......#'###
#####...........#.)
................#_5_
▓▓▓▓▓▓▓▓▓▓▓▓▓▓▓▓▓▓▓▓▓


You could see a kobold demonologist, a neqoxec (summoned, combustible), a red
devil (summoned) and an iron imp (summoned).

Vanquished Creatures
  A deep elf pyromancer (D)
  A scorpion (D)
  A water elemental (D)
  A wizard (D)
  A human (D)
  4 rats (D)
9 creatures vanquished.

Vanquished Creatures (others)
  31 foxfires (D)
31 creatures vanquished.

Grand Total: 40 creatures vanquished

Notes
Turn   | Place    | Note
-------+----------+-------------------------------------------
     0 | D        | rocky1 the Djinni Fire Elementalist began the quest for the
                  | Orb.
     0 | D        | rocky1 set off with the following spells memorised:
                  | Foxfire, Scorch, Kindle Blastsparks, Inner Flame, Flame
                  | Wave.
     0 | D        | Reached XP level 1. HP: 15/15 MP: 0/0
   145 | D        | Reached skill level 3 in Spellcasting
   274 | D        | Reached skill level 4 in Spellcasting
   274 | D        | Reached XP level 2. HP: 11/21 MP: 0/0
   274 | D        | Reached XP level 3. HP: 13/25 MP: 0/0
   274 | D        | Learned a level 1 spell: Slow
   324 | D        | Noticed a scorpion
   330 | D        | Killed a scorpion
   331 | D        | Reached skill level 6 in Spellcasting
   331 | D        | Reached XP level 4. HP: 25/31 MP: 0/0
   497 | D        | Noticed a water elemental
   501 | D        | Killed a water elemental
   502 | D        | Reached skill level 7 in Spellcasting
   502 | D        | Reached XP level 5. HP: 4/35 MP: 0/0
   502 | D        | Learned a level 2 spell: Static Discharge
   730 | D        | Found a glowing silver altar of Zin.
   730 | D        | Found a glowing golden altar of the Shining One.
   730 | D        | Found a white marble altar of Elyvilon.
   730 | D        | Noticed a deep elf pyromancer
   734 | D        | Killed a deep elf pyromancer
   735 | D        | Reached skill level 5 in Fighting
   735 | D        | Reached skill level 5 in Dodging
   735 | D        | Reached skill level 10 in Spellcasting
   735 | D        | Reached XP level 6. HP: 40/49 MP: 0/0
   735 | D        | Reached XP level 7. HP: 44/54 MP: 0/0
   735 | D        | Learned a level 3 spell: Vampiric Draining
   779 | D        | Noticed a red devil
   782 | D        | Noticed a neqoxec
   783 | D        | Mangled by a red devil

Illustrated notes

Levels and vault maps discovered:
D:        dungeon_sprint_mu [sprint_mu_entry_forest, sprint_mu_temple_rooms,
          sprint_mu_d1_horrors, sprint_mu_d2_genie, sprint_mu_d3_branching,
          sprint_mu_orc_legion, sprint_mu_elf_gauntlet, sprint_mu_hive_nellie,
          sprint_mu_lair_fedhas, sprint_mu_vaults_butterflies,
          sprint_mu_slime_circle, sprint_mu_swamp_cave, sprint_mu_shoals_kraken,
          sprint_mu_blade_basic, sprint_mu_crypt_chambers,
          sprint_mu_tomb_spiral, sprint_mu_vestibule_basic,
          sprint_mu_gehenna_hellfire, sprint_mu_dis_giant,
          sprint_mu_tartarus_statrot, sprint_mu_cocytus_islands, sprint_mu_zot1]

Skill      XL: |  1  2  3  4  5 |
---------------+----------------+-----
Spellcasting   | 4 6 7 10 | 10.1
Dodging        | 3 4 5 |  5.6
Stealth        | 2 4 |  4.2
Fighting       | 5 |  5.1
Long Blades    | |  0.3
Unarmed Combat | |  0.4

Action                   |  1- 3 |  4- 6 |  7- 9 || total
-------------------------+-------+-------+-------++-------
Melee: Unarmed           |     4 |       |       ||     4
       Long sword        |       |       |     2 ||     2
 Cast: Foxfire           |    18 |       |     1 ||    19
       Scorch            |     1 |     8 |     4 ||    13
  Use: Scroll            |       |       |     1 ||     1
Dodge: Dodged            |     3 |       |     2 ||     5

Table legend: (Time is in decaauts)
 A = Elapsed time spent in this place.
 B = Non-inter-level travel time spent in this place.
 C = Inter-level travel time spent in this place.
 D = Time resting spent in this place.
 E = Time spent auto-exploring this place.
 F = Levels seen in this place.
 G = Mean time per level.
                   A        B        C        D        E       F      G
               +--------+--------+--------+--------+--------+-----+--------+
         Total |    783 |    783 |      0 |    630 |      0 |   1 |  783.0 |
       Dungeon |    783 |    783 |      0 |    630 |      0 |   1 |  783.0 |
               +--------+--------+--------+--------+--------+-----+--------+

Top non-repeatable levels by time:
       D: 783 daAuts
